Cogmind - Beta 14 @@@ ROGUE MODE // 2024.08.26 @ 15:48:17 Player: Syanka Result: Destroyed by D-53 Grenadier with Mini Grenade Launcher Performance ------------- Evolutions (0) 0 Regions Visited (2) 400 Robots Destroyed (29) 145 Value Destroyed (621) 621 Prototype IDs (0) 0 Alien Tech Used (0) 0 Bonus (-103) -103 TOTAL SCORE: 1063 Bonus ------- Friendly Fire -103 Cogmind --------- Core Integrity 0/250 Matter 200/300 Energy 13/100 System Corruption 0% Temperature Cool (61) Movement Core (1450) Ox28 Location -10/Mines Parts ------- > --- POWER (1) -------- (None) > --- PROPULSION (2) --- (None) > --- UTILITY (2) ------ Huge Storage Unit > --- WEAPON (2) ------- Beam Rifle Beam Rifle > --- INVENTORY (25) --- Cargo Storage Unit Sensor Array Signal Interpreter Improved Terrain Scanner Terrain Scan Processor Tractor Beam Medium Laser Medium Laser Beam Rifle Particle Cannon Particle Cannon Autogun Autogun Light Cannon Light Cannon Mini Grenade Launcher Mini Grenade Launcher Mini Grenade Launcher Mini Grenade Launcher Datajack Mining Laser Maul Peak State ------------ > --- POWER ------------ Ion Engine > --- PROPULSION ------- Light Treads Light Treads > --- UTILITY ---------- Huge Storage Unit Seismic Detector > --- WEAPON ----------- Beam Rifle Beam Rifle > --- INVENTORY -------- Heat Sink Sensor Array Signal Interpreter Improved Terrain Scanner Terrain Scan Processor Tractor Beam Medium Laser Medium Laser Beam Rifle Beam Rifle Particle Cannon Particle Cannon Particle Cannon Particle Cannon Autogun Autogun Light Cannon Light Cannon Mini Grenade Launcher Mini Grenade Launcher Mini Grenade Launcher Mini Grenade Launcher Datajack Mining Laser Maul [Rating: 13] Favorites ----------- Power Ion Engine Engine Ion Engine Propulsion Light Treads Treads Light Treads Utility Seismic Detector Device Seismic Detector Storage Huge Storage Unit Weapon Beam Rifle Energy Gun Beam Rifle Ballistic Gun Light Assault Rifle Ballistic Cannon Light Cannon Launcher Mini Grenade Launcher Build | -11 -10 -10 ------- Run | Yrd Mat Min Slots Evolved . | . . . Power . | . . . Propulsion . | . . . Utility . | . . . Weapon . | . . . Parts Attached 26 | 8 12 6 Power 4 | 2 2 . Engine 4 | 2 2 . Core . | . . . Reactor . | . . . Propulsion 2 | 2 . . Treads 2 | 2 . . Leg . | . . . Wheel . | . . . Hover . | . . . Flight . | . . . Utility 7 | 2 4 1 Device 4 | 1 2 1 Storage 3 | 1 2 . Processor . | . . . Hackware . | . . . Protection . | . . . Artifact . | . . . Weapon 13 | 2 6 5 Energy Gun 8 | 1 4 3 Energy Cannon . | . . . Ballistic Gun 1 | 1 . . Ballistic Cannon 2 | . 2 . Launcher 2 | . . 2 Special Weapon . | . . . Impact Weapon . | . . . Slashing Weapon . | . . . Piercing Weapon . | . . . Special Melee Weapon . | . . . Unidentified Prototypes . | . . . Parts Lost 7 | . 1 6 Power 2 | . 1 1 Propulsion 2 | . . 2 Utility 2 | . . 2 Weapon 1 | . . 1 Highest Loss Streak 6 | . 1 6 To Critical Strikes . | . . . Average Slot Usage (%) 98 | . 98 67 Engine 13 | . 13 10 Treads 27 | . 28 14 Device 13 | . 14 . Storage 14 | . 14 14 Energy Gun 22 | . 22 17 Ballistic Gun 2 | . 2 . Ballistic Cannon 2 | . 2 . Peak Build Rating 13 | 8 13 12 Average Rating 10 | 6 10 9 On Entrance 6 | . 8 12 Naked Turns . | . . . Heaviest Build 92 | 13 92 92 Greatest Support 40 | 40 40 40 Greatest Overweight (x) 4 | . 2 4 Average Overweight (x) 1 | . 1 3 Largest Inventory Capacity 25 | 8 25 25 Average Capacity 21 | 7 22 25 Most Carried 25 | 8 25 25 Average Carried 18 | 5 19 24 Final Capacity 25 | 8 25 25 Final Carried 25 | 8 25 23 Class Distribution -------------------- 100% | Mutant Dominant Class ---------------- Mutant | -10/Materials Mutant | -10/Mines Resources | -11 -10 -10 ----------- Run | Yrd Mat Min Matter Collected 558 | 293 250 15 Remotely . | . . . Salvage Created 970 | 239 666 65 Parts 69 | 24 44 1 Haulers Intercepted 2 | . 2 . Recyclers Shooed . | . . . Parts Field Recycled . | . . . Retrieved Matter . | . . . Parts Self-Destructed . | . . . Prevented . | . . . Kills | -11 -10 -10 ------- Run | Yrd Mat Min Combat Hostiles Destroyed 30 | . 15 15 Guns 11 | . 10 1 Cannons 4 | . 4 . AOE 15 | . 1 14 Classes Destroyed 10 | 3 5 2 Worker 2 | 2 . . Tunneler 5 | 5 . . Hauler 2 | . 2 . Recycler 2 | 1 1 . Watcher 2 | . 2 . Swarmer 3 | . 3 . Grunt 11 | . 11 . Demolisher 1 | . . 1 Subdweller 1 | . 1 . Assembled 14 | . . 14 Best Kill Streak 14 | 4 3 14 Combat Bots Only 14 | . 3 14 Max Kills in Single Turn 9 | 2 1 9 Gunslinging . | . . . Exploded 9 | . 1 9 Melee . | . . . Uniques/NPCs Destroyed . | . . . Combat | -11 -10 -10 -------- Run | Yrd Mat Min Hostile Shots Fired 74 | . 43 31 Missed 19 | . 12 7 Damage Taken 1112 | 25 359 728 Core 259 | . 12 247 Absorbed by Shields . | . . . Core Remaining (%) 100 | 100 . . Volleys Fired 76 | 16 51 9 Largest 2 | 2 2 2 Hottest 112 | 60 112 112 Shots Fired 152 | 32 102 18 Gun 118 | 32 76 10 Cannon 26 | . 26 . Launcher 8 | . . 8 Special . | . . . Kinetic 73 | 16 57 . Thermal 24 | . 14 10 Explosive 8 | . . 8 Electromagnetic 47 | 16 31 . Robot Hit Streak 10 | 6 9 10 Robot Miss Streak 7 | 3 7 1 Penetration Max . | . . . Secondary Targets 2 | . 2 . Max Gunslinging Chain 1 | . 1 . Shots Hit Robots 82 | 18 56 8 Core Hits 72 | 11 32 29 Critical Kills . | . . . Critical Parts Destroyed . | . . . Critical Strikes 1 | . 1 . Corrupt 1 | . 1 . Melee Attacks . | . . . Impact . | . . . Slashing . | . . . Piercing . | . . . Sneak Attacks . | . . . Combat Hostiles . | . . . Follow-up Attacks . | . . . Damage Inflicted 2554 | 243 914 1397 Guns 829 | 212 516 101 Cannons 316 | . 316 . Explosions 1406 | 28 82 1296 Melee . | . . . Ramming 3 | 3 . . Kinetic 501 | 75 426 . Thermal 361 | 28 232 101 Explosive 1296 | . . 1296 Electromagnetic 393 | 137 256 . Impact . | . . . Slashing . | . . . Piercing . | . . . Highest Corruption . | . . . Average Corruption . | . . . Corruption Purged . | . . . Corruption Blocked . | . . . Overload Shots . | . . . Overflow Damage 122 | 3 9 110 Projectiles 9 | . 9 . Explosions 113 | 3 . 110 Melee . | . . . Knockbacks 1 | . 1 . Impact . | . . . Kinetic 1 | . 1 . Secondary . | . . . Self-Inflicted Damage 48 | 25 . 23 Shots 2 | 1 . 1 Rammed 1 | 1 . . Targets Rammed 1 | 1 . . Kicked . | . . . Crushed . | . . . Highest Temperature 114 | 40 114 61 Average Temperature 30 | 16 35 21 Received Heat Transfer 165 | . 165 . Siege Activations . | . . . Robots Corrupted . | . . . Combat Hostiles . | . . . Parts Fried . | . . . Impact Corruptions . | . . . Robots Melted . | . . . Combat Hostiles . | . . . Parts Melted 2 | . 1 1 Heat Transferred 679 | 50 370 259 Parts Sabotaged . | . . . Parts Stolen . | . . . Parts Stripped . | . . . Power Chain Reactions 3 | 1 2 . Alert | -11 -10 -10 ------- Run | Yrd Mat Min Peak Influence 228 | 40 228 30 Initial 26 | . 26 . Average 28 | 19 29 15 Maximum Alert Level 1 | . 1 . Low Security (%) 96 | 100 96 100 Level 1 3 | . 3 . Level 2 . | . . . Level 3 . | . . . Level 4 . | . . . Level 5 . | . . . High Security . | . . . Max Security . | . . . Squads Dispatched 2 | . 2 . Investigation 2 | . 2 . Extermination . | . . . Reinforcement . | . . . Assault . | . . . Garrison . | . . . Intercept . | . . . Searches Triggered . | . . . Construction Impeded . | . . . Haulers Reinforced . | . . . Active Scanning Responses . | . . . Cargo Convoy Interrupts . | . . . Stealth | -11 -10 -10 --------- Run | Yrd Mat Min Distress Signals 2 | . 2 . Communications Jammed . | . . . Distress Signals . | . . . Times Spotted 43 | . 22 21 Peak Tracking Total 20 | . 3 20 Tactical Retreats 2 | . 1 1 Traps | -11 -10 -10 ------- Run | Yrd Mat Min Traps Triggered . | . . . Indirectly . | . . . Trap Hack Attempts . | . . . Triggered . | . . . Disarmed . | . . . Reprogrammed . | . . . Reused . | . . . Traps Extracted . | . . . Installed . | . . . Triggered . | . . . Machines | -11 -10 -10 ---------- Run | Yrd Mat Min Machines Disabled . | . . . Max in Single Turn . | . . . Machines Repaired . | . . . Machines Dismantled . | . . . Machines Sabotaged . | . . . Overloaded Fab Kills . | . . . Hacking | -11 -10 -10 --------- Run | Yrd Mat Min Machines Accessed 8 | . 8 . Terminals 7 | . 7 . Fabricators . | . . . Repair Stations . | . . . Recycling Units 1 | . 1 . Scanalyzers . | . . . Garrison Access . | . . . Total Hacks 20 | . 20 . Successful 10 | . 10 . Failed 10 | . 10 . Catastrophic . | . . . Database Lockouts . | . . . Manual 19 | . 19 . Terminals 19 | . 19 . Fabricators . | . . . Repair Stations . | . . . Recycling Units 1 | . 1 . Scanalyzers . | . . . Garrison Access . | . . . Terminal Hacks 4 | . 4 . Robot Analysis 2 | . 2 . Locate Traps 1 | . 1 . Transport Status 1 | . 1 . Fabricator Hacks . | . . . Repair Station Hacks . | . . . Recycling Unit Hacks . | . . . Scanalyzer . | . . . Garrison Access Hacks . | . . . Unauthorized Hacks 6 | . 6 . Terminals 6 | . 6 . Assimilate 3 | . 3 . Botnet 2 | . 2 . Operators 1 | . 1 . Fabricators . | . . . Repair Stations . | . . . Recycling Units . | . . . Scanalyzers . | . . . Garrison Access . | . . . Data Cores Recovered . | . . . Used . | . . . Hacking Detections 5 | . 5 . Full Trace Events 1 | . 1 . Feedback Events . | . . . Feedback Blocked . | . . . Robot Schematics Acquired . | . . . Robots Built . | . . . Authchips . | . . . Time . | . . . Total Robot Build Rating . | . . . Part Schematics Acquired . | . . . Parts Built . | . . . Authchips . | . . . Time . | . . . Total Part Build Rating . | . . . Parts Repaired . | . . . Time . | . . . Parts Recycled . | . . . Recycled Matter . | . . . Retrieved Matter . | . . . Retrieved Components . | . . . Parts Scanalyzed . | . . . Part Schematics Acquired . | . . . Parts Damaged . | . . . Bothacking | -11 -10 -10 ------------ Run | Yrd Mat Min Used RIF Installer . | . . . Robots Hacked . | . . . Non-combat . | . . . Combat . | . . . Robot Hacks Applied . | . . . Relay Couplers Released . | . . . Fabnet Peak Effective % . | . . . Robots Rewired . | . . . Allies Hacked . | . . . Hacks Repelled . | . . . Allies | -11 -10 -10 -------- Run | Yrd Mat Min Total Allies 2 | . 2 . Largest Group 2 | . 2 1 Highest-Rated Group 20 | . 20 8 Highest-Rated Ally 10 | . 10 8 Total Orders 4 | . 4 . STAY 2 | . 2 . FOLLOW 2 | . 2 . Ally Attacks . | . . . Total Damage . | . . . Kills . | . . . Allies Corrupted . | . . . Allies Melted . | . . . Intel | -11 -10 -10 ------- Run | Yrd Mat Min Robot Analysis Total 2 | . 2 . Derelict Logs Recovered . | . . . Drone Launches . | . . . Drone Recoveries . | . . . Exploration | -11 -10 -10 ------------- Run | Yrd Mat Min Turns Passed 3175 | 207 2922 46 Spaces Moved 927 | 91 833 3 Core 3 | 3 . . Treads 924 | 88 833 3 Legs . | . . . Wheels . | . . . Hover . | . . . Flight . | . . . Fastest Speed 50 | 50 160 320 Average Speed 266 | 156 277 426 Slowest Speed 480 | 160 320 480 Overloaded Moves . | . . . Propulsion Burnouts . | . . . Robots Hopped . | . . . Cave-ins Triggered . | . . . Exploration Rate (%) 32 | 4 84 10 Regions Visited 2 Branch Regions 1 Pre-discovered Areas . | . . . Known Exits Taken . | . . . Unknown Exits Taken 2 | 1 1 . Scrap Searched . | . . . Spaces Dug . | . . . Terrain Destroyed 60 | 3 5 52 Melee . | . . . Projectile . | . . . AOE 60 | 3 5 52 Terrain Rammed . | . . . Walls Destroyed . | . . . Machines Disabled . | . . . Actions | -11 -10 -10 --------- Run | Yrd Mat Min Total 1493 | 126 1349 18 Wait 409 | . 409 . Move 925 | 90 832 3 Hop . | . . . Pick Up 39 | 9 30 . Fast Attach 7 | 7 . . Attach 3 | . 1 2 Detach . | . . . Swap 16 | 1 11 4 Drop 17 | 2 15 . Fire 76 | 16 51 9 Melee . | . . . Ram . | . . . Kick . | . . . Crush 1 | 1 . . Escape Stasis . | . . . Rewire . | . . . Trap . | . . . Miscellaneous . | . . . Route ------- -11/Scrapyard -10/Materials (discovered 4 exits: [*Mat x2] / [*Min x2]) -10/Mines History --------- Turn | Location | Event 36 | -11/Scrapyard | Discovered new exit (range 16) 208 | -11/Scrapyard | Entered Materials 317 | -10/Materials | Build established: Mutant 530 | -10/Materials | Discovered new exit (range 15) 828 | -10/Materials | Discovered new exit (range 16) 1108 | -10/Materials | Derelicts attacked the area 1171 | -10/Materials | Discovered new exit (range 16) 2484 | -10/Materials | Discovered new exit (range 14) 3130 | -10/Materials | Entered Mines 3130 | -10/Mines | Accompanied by 2 allies 3131 | -10/Mines | Assembled infested the area 3136 | -10/Mines | Assisted by a Guerilla fighting off Assembled 3167 | -10/Mines | Destroyed 14 combat bots 3168 | -10/Mines | Core integrity fell below 50% 3175 | -10/Mines | Core integrity fell below 20% 3176 | -10/Mines | Destroyed by D-53 Grenadier with Mini Grenade Launcher Last Messages --------------- 03162_ Ion Engine destroyed. 03163_ U-05 Engineer lays Concrete. 03164_ The unstable cave ceiling collapses. 03164_ U-05 Engineer lays Concrete. 03166_ G-47 Trooper destroyed. 03166_ U-05 Engineer lays Concrete. 03168_ The unstable cave ceiling collapses. 03168_ U-05 Engineer lays Concrete. 03169_ Heat Sink destroyed. 03169_ U-05 Engineer lays Concrete. 03170_ Beam Rifle destroyed. 03171_ The unstable cave ceiling collapses. 03171_ U-05 Engineer lays Concrete. 03172_ The unstable cave ceiling collapses. 03172_ Lgt. Treads destroyed. 03172_ U-05 Engineer lays Concrete. 03172_ Mni. Grenade Launcher melted. 03172_ D-53 Grenadier destroyed. 03173_ The unstable cave ceiling collapses. 03173_ U-05 Engineer lays Concrete. Map ----- +----------------------------------------------------+ | ?????????????????????????????????????????????????? | | ?????????????????????????????????????????????????? | | ?????????????????????????????????????????????????? | | ?????????????????????????????????????????????????? | | ?????????????????????????????????????????????????? | | ?????????????????????????????????????????????????? | | ?????????????????????????????????????????????????? | | ?????????????????????????????????????????????????? | | ?????????????????????????????????????????????????? | | ?????????????????????????????????????????????????? | | ?????????????????????????????????????????????????? | | ?????????????????????????????????????????????????? | | ?????????????????????????????????????????????????? | | ???????????????????????????????##????????????????? | | ??????????????????????????????? #????????????????? | | ?????????????? ??????????????? #????????????????? | | ????????????? ?????????????? ?????????????????? | | ????????????? ???????????? #?????????????????? | | ???????????? ??????????# #?????????????????? | | ???????????? ????????# ##????????????????? | | ?????????????# ??##### ###;###??????????? | | ?????????????# ## ?????????? | | ???????????### = < ?????????? | | ??????????# % % ????????? | | ?????????????? %t ! ????????? | | ????????????????????# @ %u ????????? | | ????????????????????# d ????????? | | ????????????????????# % ????????? | | ????????????????????## ?????????? | | ?????????????????????## # # ?????????? | | ??????????????????????# # # ??????????? | | ??????????????????????## # ??????????? | | ???????????????????????###### ???????????? | | ????????????????????????????? ## ???????????? | | ?????????????????????????????? # #????????????? | | ?????????????????????????????? # ###????????????? | | ???????????????????????????????##?##?????????????? | | | | | | | | | | | | | | | | | | | | | | | | | | | +----------------------------------------------------+ Best States ------------- Heat Dissipation 35 Energy Generation 10 Energy Capacity 250 Matter Stores 300 Matter Capacity 300 Sight Range 16 Terrain Scan Density 10 Evasion (%) 40 Recoil Reduction 2 Item Schematics ----------------- None Robot Schematics ------------------ None Fabricated ------------ Nothing Alien Tech Used ----------------- None Achievements -------------- None Challenges ------------ None Game ------ Seed GravitonMissileFragment Manual? 0 Play Time 00:21:07 Cumulative 97.3 hours Start 2024.08.26 @ 15:29:07 End 2024.08.26 @ 15:48:17 Sessions 1 Manual Loads 0 Difficulty Rogue Special Mode None Game No. 66 Rogue 53 Adventurer 13 Explorer 0 Win Type - Total 1 Types 1/0/0/0/0/0/0/0/0 Lore% 36 Gallery% 52 Achievement% 44 Wizard Run 0 Options --------- Layout 2 ASCII 0 Keyboard 1 Movement Numpad Keybinds 0 Fullscreen 2 Font 16/Swanston Map View 55x47 Zoom Use 0% Tactical HUD 1 Map Filters NONE Filters NONE Steam 0 RUN: b1502369-8e73-463f-8e87-35dc4cd57deb